 Dungeon Crawl Stone Soup version 0.20.1 (webtiles) character file.

205 VajrapaniSR the Ruffian (level 5, -1/50 HPs)
             Began as a Troll Monk on July 2, 2017.
             Was a Believer of Cheibriados.
             Slain by a two-headed ogre
             ... wielding a +0 giant club
              (15 damage)
             ... on level 6 of the Dungeon.
             The game lasted 00:06:00 (556 turns).

VajrapaniSR the Ruffian (Troll Monk)                 Turns: 556, Time: 00:06:01

Health: -1/50      AC:  5    Str: 23    XL:     5   Next: 53%
Magic:  4/4        EV: 16    Int: 10    God:    Cheibriados [**....]
Gold:   64         SH:  0    Dex: 22    Spells: 4/4 levels left

rFire    + . .     SeeInvis .     - Unarmed
rCold    + . .     Gourm    +   (no shield)
rNeg     . . .     Faith    .   i - +0 robe {rC+ rF+}
rPois    .         Spirit   .   (helmet restricted)
rElec    .         Reflect  .   (no cloak)
rCorr    .         Harm     .   (gloves unavailable)
MR       .....                  (boots unavailable)
Stlth    +++.......             (no amulet)
Regen    0.6/turn               (no ring)
MPRegen  0.1/turn               (no ring)

@: agile, very slow
A: unfitting armour, claws 3, fast metabolism 3, gourmand, regeneration 1,
shaggy fur 1, tough skin 2
a: Bend Time, Renounce Religion


You were on level 6 of the Dungeon.
You worshipped Cheibriados.
Cheibriados was pleased with you.
You were not hungry.

You visited 1 branch of the dungeon, and saw 6 of its levels.

You collected 64 gold pieces.

Inventory:

Armour
 i - a +0 robe of resistance (worn)
Wands
 m - a wand of disintegration (0/24)
Scrolls
 a - a scroll of recharging {unknown}
 e - a scroll of amnesia {unknown}
 g - a scroll of blinking {unknown}
 h - a scroll of teleportation {unknown}
 j - a scroll of identify {unknown}
 k - a scroll of immolation {unknown}
Potions
 f - a potion of curing
Comestibles
 b - 5 bread rations
 c - a chunk of flesh


   Skills:
 - Level 2.4 Fighting
 - Level 2.4 Dodging
 - Level 1.0 Stealth
 + Level 6.3 Unarmed Combat


You had 4 spell levels left.
You didn't know any spells.

Dungeon Overview and Level Annotations

Branches:
Dungeon (6/15)             Temple (0/1) D:4

Altars:
Cheibriados
Hepliaklqana
Makhleb


Innate Abilities, Weirdness & Mutations

You are too large for most types of armour.
You have claws for hands.
Your metabolism is lightning-fast.
You like to eat raw meat.
Your natural rate of healing is unusually fast.
You are covered in fur. (AC +1)
You have very tough skin. (AC +2)


Message History

The two-headed ogre shouts in stereo!
It was a potion of agility.
You feel agile all of a sudden.
It was a potion of heal wounds.
You feel much better.
You claw the two-headed ogre!
The two-headed ogre hits you with a giant club!
The two-headed ogre closely misses you.
You take 8 damage, and have 42/50 hp.
You claw the two-headed ogre! You scratch the two-headed ogre.
The two-headed ogre hits you with a giant club!!
* * * LOW HITPOINT WARNING * * *
The two-headed ogre hits you with a giant club!
* * * LOW HITPOINT WARNING * * *
You take 30 damage, and have 13/50 hp.
MASSIVE DAMAGE!!
You are too injured to fight recklessly!
Unknown command.
You scratch the two-headed ogre.
The two-headed ogre hits you with a giant club!
You die...

#.#.#### #.#.# # #.#.## #
#.#..# # # #.##.# # #.
#.##.# # ##.# #..#.###
####...###########.......
+......O@(...............
####...###########....###
##.# ##.#.# # #.. ..##.#
#.. #... ... . #.. #...
..### #. ........# # ##
........# # ..... .


You could see a two-headed ogre.

Vanquished Creatures
  An ogre (D:4)
  A hound (D:4)
  A bullfrog skeleton (D:4)
  A worker ant (D:4)
  2 adders
  A shadow imp (D:6)
  A worm (D:5)
  2 goblins
  A ball python (D:1)
  2 frilled lizards
  A kobold (D:1)
  A quokka skeleton (D:4)
15 creatures vanquished.

Vanquished Creatures (others)
  A ball python (D:1)
1 creature vanquished.

Grand Total: 16 creatures vanquished

Notes
Turn   | Place    | Note
-------+----------+-------------------------------------------
     0 | D:1      | VajrapaniSR the Troll Monk began the quest for the Orb.
     0 | D:1      | Reached XP level 1. HP: 22/22 MP: 0/0
    20 | D:1      | VajrapaniSR: i can taste the d:1 chei altar
    20 | D:1      | VajrapaniSR: cmon RNG
    20 | D:1      | VajrapaniSR: pls
   185 | D:3      | Found a hazy altar of Hepliaklqana.
   196 | D:4      | kuniqs: door nr. 1 - gnoll pack! door nr. 2 - a new car! door nr.3 - giant frenzied killer bees!
   196 | D:4      | murphy: :P
   196 | D:4      | VajrapaniSR: pls no
   198 | D:4      | VajrapaniSR: YESSSS
   225 | D:4      | Noticed a worker ant
   232 | D:4      | Reached skill level 4 in Unarmed Combat
   232 | D:4      | Reached XP level 2. HP: 21/29 MP: 1/1
   232 | D:4      | Reached XP level 3. HP: 26/36 MP: 2/2
   254 | D:4      | Found a snail-covered altar of Cheibriados.
   255 | D:4      | kuniqs: squashed by an ant :P
   257 | D:4      | murphy: :D
   260 | D:4      | Became a worshipper of Cheibriados the Contemplative
   260 | D:4      | Reached * piety under Cheibriados
   260 | D:4      | Reached ** piety under Cheibriados
   261 | D:4      | murphy: nice
   261 | D:4      | VajrapaniSR: yay
   261 | D:4      | murphy: this time is the one
   287 | D:4      | Found a burning altar of Makhleb.
   300 | D:4      | murphy: just hit him
   302 | D:4      | Reached skill level 5 in Unarmed Combat
   302 | D:4      | Reached XP level 4. HP: 14/44 MP: 3/3
   303 | D:4      | kuniqs: now just find lshield and dragon armour before depths and you're fine
   303 | D:4      | VajrapaniSR: excellent
   303 | D:4      | VajrapaniSR: ;p
   358 | D:4      | kuniqs: most speedruns are mibes or dds, why troll?
   359 | D:4      | VajrapaniSR: hm
   359 | D:4      | VajrapaniSR: they don't need a good weapon to spawn
   359 | D:4      | VajrapaniSR: just chei altar + shield + rocks + tla
   359 | D:4      | VajrapaniSR: all common items
   359 | D:4      | Found a staircase to the Ecumenical Temple.
   359 | D:4      | Noticed an ogre
   360 | D:4      | kuniqs: shouldn't TrFi be a better choice?
   361 | D:4      | murphy: good offense no need to find a nice weapon and good regen
   361 | D:4      | VajrapaniSR: Mo is for the instant piety
   361 | D:4      | VajrapaniSR: fighter might be better for overall survivability
   371 | D:4      | Killed an ogre
   371 | D:4      | Reached skill level 6 in Unarmed Combat
   371 | D:4      | Reached XP level 5. HP: 23/50 MP: 4/4
   435 | D:5      | Entered Level 5 of the Dungeon
   549 | D:6      | Noticed a two-headed ogre
   556 | D:6      | Slain by a two-headed ogre

Skill      XL: |  1  2  3  4 |
---------------+-------------+-----
Unarmed Combat | 4 5 6 |  6.3
Fighting       | |  2.4
Dodging        | |  2.4
Stealth        | |  1.0

Action                   |  1- 3 |  4- 6 || total
-------------------------+-------+-------++-------
Melee: Unarmed           |    42 |    28 ||    70
       Punch             |       |     2 ||     2
  Use: Scroll            |     2 |       ||     2
       Potion            |     1 |     2 ||     3
 Stab: Sleeping          |     2 |     1 ||     3
  Eat: Chunk             |       |     1 ||     1
Armor: Robe              |     6 |     2 ||     8
Dodge: Dodged            |    21 |    16 ||    37
